 Dungeon Crawl Stone Soup version 0.18-a0-1026-ge317a7f (webtiles) character file.

39 shinedash the Shield-Bearer (level 3, -1/30 HPs)
             Began as a Formicid Fighter on Jan 9, 2016.
             Killed from afar by Natasha (9 damage)
             ... with a magic dart
             ... on level 2 of the Dungeon.
             The game lasted 00:03:39 (612 turns).

shinedash the Shield-Bearer (Formicid Fighter)       Turns: 612, Time: 00:03:39

Health: -1/30      AC: 13    Str: 25    XL:     3   Next: 67%
Magic:  3/3        EV:  8    Int:  7    God:
Gold:   7          SH: 10    Dex: 11    Spells: 0 memorised, 2 levels left

rFire  . . .     SeeInvis +     a - +0 long sword
rCold  . . .     Gourm    .     b - +0 scale mail
rNeg   . . .     Faith    .     c - +0 shield
rPois  .         Spirit   .     (helmet unavailable)
rElec  .         Dismiss  .     (no cloak)
rCorr  .         Reflect  .     (no gloves)
SustAt .         Harm     .     (no boots)
MR     .....                    (no amulet)
Stlth  ..........               (no ring)
                                (no ring)

@: mighty, not resistant to hostile enchantments, extremely unstealthy
A: permanent stasis, dig shafts and tunnels, four strong arms, antennae 3,
iridescent scales 1, thin metallic scales 1, blurry vision 1
a: Dig, Shaft Self


You were on level 2 of the Dungeon.
You were not hungry.

You visited 1 branch of the dungeon, and saw 2 of its levels.

You collected 7 gold pieces.

Inventory:

Hand Weapons
 a - a +0 long sword (weapon)
Armour
 b - a +0 scale mail (worn)
 c - a +0 shield (worn)
 i - a +0 shield
 k - a +0 cloak
Scrolls
 g - a scroll of fear {unknown}
 h - a scroll of recharging {unknown}
 j - a scroll of fog {unknown}
Comestibles
 f - a bread ration
 l - a royal jelly


   Skills:
 + Level 3.7 Fighting
 + Level 2.1 Long Blades
 + Level 3.8 Armour
 + Level 0.1 Dodging
 + Level 0.3 Stealth
 + Level 4.2 Shields


You had 2 spell levels left.
You didn't know any spells.

Dungeon Overview and Level Annotations

Branches:
Dungeon (2/15)

Altars:

Annotations:
D:2 Natasha


Innate Abilities, Weirdness & Mutations

You are under a permanent stasis effect.
You can dig through walls and to a lower floor.
Your four strong arms can wield two-handed weapons with a shield.
You have a pair of large antennae on your head (SInv).
You are partially covered in iridescent scales (AC +4).
You are partially covered in thin metallic scales (AC +2).
Scrolls take you a little longer to read.


Message History

You block the gnoll's attack.
You closely miss Natasha. You block the white imp's attack.
Natasha claws you but does no damage. The gnoll completely misses you.
You block the bat's attack.
You closely miss Natasha. The bat barely misses you.
The white imp gestures at you. The puff of frost hits you!
Natasha stares at you and mumbles some strange words.
Your stasis keeps you stable.
You block the gnoll's attack. The white imp gestures at you.
You block the puff of frost. Natasha claws you but does no damage.
You hit Natasha.
Natasha is lightly wounded.
The bat barely misses you. The gnoll completely misses you.
The white imp gestures at you. The puff of frost hits you!
* * * LOW HITPOINT WARNING * * *
Natasha casts a spell at you. The magic dart hits you!
You die...

.P..⌠..#$.#..P.#.........
.....P.#..#.............#
#?....#'##P...#........#
#.......P......#.♣.....#
#...............♣..♣...#
............♣....♣♣♣....#
.P♣...♣..{♣...♣♣♣..†..#.#
♣.......♣♣g♣♣♣.....†....#
♣♣###..5h@b....##########
####5#.....# #.######...
#. .#. .. .# #. ## { ..
#.


You could see Natasha, a gnoll, 2 white imps and a bat.

Vanquished Creatures
  Natasha (D:2)
  A giant cockroach (D:2)
  6 goblins
  A quokka (D:2)
  4 kobolds
  A rat (D:1)
14 creatures vanquished.

Notes
Turn   | Place    | Note
--------------------------------------------------------------
     0 | D:1      | shinedash the Formicid Fighter began the quest for the Orb.
     0 | D:1      | Reached XP level 1. HP: 18/18 MP: 1/1
   322 | D:1      | Reached XP level 2. HP: 21/24 MP: 2/2
   541 | D:2      | Noticed Natasha
   553 | D:2      | Killed Natasha
   553 | D:2      | Reached skill level 4 in Shields
   553 | D:2      | Reached XP level 3. HP: 10/30 MP: 3/3
   558 | D:2      | Gained mutation: You are partially covered in iridescent scales (AC +4). [potion of mutation]
   558 | D:2      | Gained mutation: Scrolls take you a little longer to read. [potion of mutation]
   558 | D:2      | Gained mutation: You are partially covered in thin metallic scales (AC +2). [potion of mutation]
   595 | D:2      | Noticed Natasha
   612 | D:2      | Killed from afar by Natasha

Vault maps used:
D:1:      dpeg_arrival_houses_and_road, hangedman_feature_mirror
D:2:      wad_woods_settlement, first_bread, supply_closet_lemuel,
          uniq_crazy_yiuf_cottage, uniq_robin, uniq_natasha, uniq_sigmund

Action                   || total
-------------------------++-------
Melee: Long sword        ||    65
  Use: Potion            ||     2
